 Dungeon Crawl Stone Soup version 0.25.0-15-gac7dcb8919 (webtiles) character file.

Game seed: 3414931573681472550

826 Curus the Carver (level 7, -3/57 HPs)
             Began as a Hill Orc Monk on June 28, 2020.
             Was a Priest of Makhleb.
             Killed from afar by an orc wizard (6 damage)
             ... with a puff of frost
             ... on level 5 of the Dungeon on June 29, 2020.
             The game lasted 00:25:54 (4185 turns).

Curus the Carver (Hill Orc Monk)                    Turns: 4185, Time: 00:25:55

Health: -3/57      AC: 17    Str: 11 (14) XL:     7   Next: 96%
Magic:  7/7        EV:  5    Int: 10      God:    Makhleb [***...]
Gold:   205        SH:  0    Dex: 15      Spells: 6/6 levels left

rFire    + + .     SeeInvis .   s - +0 scimitar
rCold    + . .     Gourm    .   (no shield)
rNeg     . . .     Faith    .   m - +2 chain mail {rF+}
rPois    .         Spirit   .   n - +2 hat
rElec    .         Reflect  .   k - +2 cloak {Stlth+}
rCorr    .         Harm     .   (no gloves)
MR       +....                  (no boots)
Stlth    ..........             u - amulet "Baumeipnei" {rC+ Regen+}
HPRegen  0.59/turn              f - ring of protection from fire
MPRegen  0.10/turn              (no ring)

@: lethally poisoned (-3 -> -8)
A: hooves 1, slimy green scales 1, magic resistance 1
a: Minor Destruction, Lesser Servant of Makhleb, Renounce Religion


You were on level 5 of the Dungeon.
You worshipped Makhleb.
Makhleb was most pleased with you.
You were hungry.

You visited 1 branch of the dungeon, and saw 5 of its levels.

You collected 205 gold pieces.

Inventory:

Hand Weapons
 a - a +0 falchion
 s - a +0 scimitar (weapon)
Armour
 b - a +0 robe
 d - a +0 chain mail
 e - a +0 cloak
 h - a +0 ring mail
 k - a +2 cloak of stealth (worn)
 m - a +2 chain mail of fire resistance (worn)
 n - a +2 hat (worn)
Jewellery
 f - a ring of protection from fire (left hand)
 u - the amulet "Baumeipnei" (around neck) {rC+ Regen+}
   (You found it on level 5 of the Dungeon)

   [amulet of regeneration]

   It protects you from cold.
   It increases your rate of regeneration.
Wands
 l - a wand of polymorph (10)
 p - a wand of iceblast (6)
 r - a wand of paralysis (14)
Scrolls
 g - 2 scrolls of magic mapping
 i - 3 scrolls of remove curse
 j - 8 scrolls of identify
Potions
 q - 2 potions of haste
Comestibles
 c - 8 rations


   Skills:
 - Level 3.6 Fighting
 + Level 10.0 Long Blades
 - Level 2.4 Dodging
 - Level 1.5 Stealth


You had 6 spell levels left.
You didn't know any spells.
Your spell library contained the following spells:

 Spells                   Type           Power        Failure   Level  Hunger
 Confusing Touch          Hex            #.......     100%        3    ####...
 Gell's Gravitas          Tloc           #.........   100%        3    ####...
 Petrify                  Tmut/Erth      #.......     100%        4    #####..
 Irradiate                Conj/Tmut      #.........   100%        5    ######.
 Metabolic Englaciation   Hex/Ice        #.........   100%        5    ######.
 Yara's Violent Unravell  Hex/Tmut       #.........   100%        5    ######.
 Hydra Form               Tmut           #.........   100%        6    #######
 Statue Form              Tmut/Erth      #........    100%        6    #######
 Dragon Form              Tmut           #.........   100%        7    #######


Dungeon Overview and Level Annotations

Branches:
Dungeon (5/15)
 Temple: D:4-7

Altars:
Ashenzari
Makhleb
Vehumet

Shops:
D:4 %

Annotations:
D:3 2 runed translucent doors, AnneSejuta's ghost, amateur GrFi


Innate Abilities, Weirdness & Mutations

You have large cloven feet.
You are partially covered in slimy green scales. (AC +2)
You are resistant to hostile enchantments. (MR+)


Message History

* * * LOW HITPOINT WARNING * * *
The worker ant bites you.
* * * LOW HITPOINT WARNING * * *
You are lethally poisoned!
The worker ant poisons you!
You closely miss something.
* * * LOW HITPOINT WARNING * * *
You feel sick. Something hits you but does no damage.
The worker ant bites you but does no damage.
Something hits you but does no damage.
You slash the worker ant!
You kill the worker ant!
Makhleb accepts your kill.
Your Long Blades skill increases to level 10!
* * * LOW HITPOINT WARNING * * *
You feel sick.
You hear some strange, mumbled words.
A puff of frost appears from out of thin air!
The puff of frost hits you. You resist.
You die...

..# #......(# #.#
#.#####.# #.# #.#......
+######.# #.#.###..
........# #.#.# #..
........# #...###..
........###########...
...######.......(.......
.......@................
......{†................
........................
#.....####.............#
....#?.................#
....#...................
... # ..................
.. ...#........#.....
..#........#.....


There were no monsters in sight!

Vanquished Creatures
  A sky beast (D:5)
  A centaur (D:5)
  2 scorpions (D:5)
  A howler monkey (D:4)
  A crimson imp (D:5)
  Crazy Yiuf (D:4)
  2 bullfrog skeletons
  4 orc priests (D:5)
  2 orc wizards (D:5)
  2 iguanas (D:5)
  A worker ant (D:5)
  A hound zombie (D:5)
  A hound skeleton (D:5)
  3 adders (D:3)
  A shadow imp (D:5)
  An adder zombie (D:2)
  2 adder skeletons (D:2)
  2 worms (D:3)
  2 dart slugs (D:1)
  2 leopard geckos (D:3)
  9 orcs
  3 giant cockroaches
  14 goblins
  2 hobgoblins (D:1)
  6 jackals
  5 kobolds
  2 ball python skeletons (D:2)
  7 bats
  4 frilled lizards
  A giant cockroach zombie (D:2)
  A jackal skeleton (D:2)
  A leopard gecko skeleton (D:2)
  A leopard gecko zombie (D:2)
89 creatures vanquished.

Notes
Turn   | Place    | Note
-------+----------+-------------------------------------------
     0 | D:1      | Curus the Hill Orc Monk began the quest for the Orb.
     0 | D:1      | Reached XP level 1. HP: 19/19 MP: 1/1
   140 | D:1      | Found a shattered altar of Ashenzari.
   353 | D:1      | Reached XP level 2. HP: 26/26 MP: 2/2
   397 | D:1      | Reached skill level 4 in Long Blades
  1037 | D:2      | Gained mutation: You are partially covered in slimy green
                  | scales. (AC +2) [potion of mutation]
  1037 | D:2      | Gained mutation: You are resistant to hostile enchantments.
                  | (MR+) [potion of mutation]
  1037 | D:2      | Gained mutation: You have large cloven feet. [potion of
                  | mutation]
  1215 | D:2      | Reached XP level 3. HP: 29/31 MP: 3/3
  1537 | D:2      | Found a burning altar of Makhleb.
  1538 | D:2      | Found a radiant altar of Vehumet.
  1542 | D:2      | Became a worshipper of Makhleb the Destroyer
  1542 | D:2      | Reached * piety under Makhleb
  1542 | D:2      | Reached ** piety under Makhleb
  1746 | D:3      | Reached skill level 5 in Long Blades
  1782 | D:3      | Reached XP level 4. HP: 39/39 MP: 4/4
  2043 | D:3      | Found a large runed translucent door.
  2045 | D:3      | Found a large runed translucent door.
  2045 | D:3      | Noticed AnneSejuta's ghost (amateur GrFi)
  2421 | D:3      | Reached skill level 6 in Long Blades
  2841 | D:4      | Found Bucuat's Food Emporium.
  3054 | D:4      | Reached XP level 5. HP: 45/45 MP: 5/5
  3273 | D:4      | Found a runed translucent door.
  3274 | D:4      | Noticed Crazy Yiuf
  3427 | D:4      | Killed Crazy Yiuf
  3427 | D:4      | Reached skill level 7 in Long Blades
  3671 | D:5      | Entered Level 5 of the Dungeon
  3715 | D:5      | Reached XP level 6. HP: 46/51 MP: 6/6
  3814 | D:5      | Got a warped sapphire amulet
  3815 | D:5      | Identified the amulet "Baumeipnei" {rC+ Regen+} (You found
                  | it on level 5 of the Dungeon)
  3846 | D:5      | Reached skill level 8 in Long Blades
  3858 | D:5      | Noticed a sky beast
  3869 | D:5      | Reached *** piety under Makhleb
  3875 | D:5      | Killed a sky beast
  3875 | D:5      | Reached XP level 7. HP: 34/57 MP: 7/7
  3894 | D:5      | Reached skill level 9 in Long Blades
  4185 | D:5      | Reached skill level 10 in Long Blades
  4185 | D:5      | Killed from afar by an orc wizard

Illustrated notes

Levels and vault maps discovered:
D:1:      minmay_arrival_jagged, layout_loops_ring, evilmike_ruin_ashenzari
D:2:      layout_loops_ring, minitemple, serial_undead, serial_undead_c,
          serial_undead_d, serial_undead_a, serial_undead_c, serial_undead_f,
          serial_undead_f
D:3:      layout_loops_ring, ebering_ghost_disaster_area, st_stairs_11
D:4:      layout_loops_cross, first_ration, serial_shops,
          nicolae_shop_behind_doors, uniq_crazy_yiuf_cottage
D:5:      layout_basic, gup_sewer_entry_pipe

Skill      XL: |  1  2  3  4  5  6  7 |
---------------+----------------------+-----
Long Blades    | 4 5 6 7 8 10 | 10.0
Fighting       | |  3.6
Dodging        | |  2.4
Stealth        | |  1.5

Action                   |  1- 3 |  4- 6 |  7- 9 || total
-------------------------+-------+-------+-------++-------
Melee: Falchion          |   113 |   156 |       ||   269
       Kick              |    18 |    51 |    20 ||    89
       Scimitar          |       |    41 |    68 ||   109
  Use: Scroll            |     4 |     4 |       ||     8
       Potion            |     3 |     5 |     3 ||    11
 Stab: Invisible         |       |     6 |     2 ||     8
  Eat: Chunk             |     3 |     6 |     1 ||    10
Armor: Robe              |     3 |       |       ||     3
       Ring mail         |    10 |       |       ||    10
       Chain mail        |    50 |   139 |    62 ||   251
Dodge: Dodged            |    44 |    72 |    25 ||   141
       Rpst.: Falchion   |    10 |    18 |       ||    28
       Scimitar          |       |     4 |     6 ||    10
